 Dungeon Crawl Stone Soup version 0.26-b1-59-ge38874ec40 (webtiles) character file.

Game seed: 17030085914981765476

25872 hawla the Eclecticist (level 12, -29/85 HPs)
             Began as a Purple Draconian Conjurer on Jan 8, 2021.
             Was an Initiate of Gozag.
             Annihilated by a boulder beetle (43 damage)
             ... on level 13 of the Dungeon on Jan 9, 2021.
             The game lasted 01:01:53 (16244 turns).

hawla the Eclecticist (Purple Draconian Conjurer)  Turns: 16244, Time: 01:01:55

Health: -29/85     AC: 11    Str: 10    XL:     12   Next: 93%
Magic:  14/32      EV: 12    Int: 23    God:    Gozag
Gold:   2914       SH:  0    Dex: 10    Spells: 25/43 levels left

rFire    . . .     SeeInvis .   c - staff of conjuration
rCold    . . .     Faith    .   (no shield)
rNeg     . . .     Spirit   .   (armour unavailable)
rPois    .         Reflect  .   (helmet restricted)
rElec    .         Harm     .   (no cloak)
rCorr    +         Rampage  .   (no gloves)
Will     +....                  d - +2 pair of boots
Stlth    +++.......             j - amulet of magic regeneration
HPRegen  0.24/turn              s - ring of stealth
MPRegen  0.48/turn              K - ring of resist corrosion

@: studying Throwing
A: breathe power, unfitting armour, cold-blooded, AC +8
a: Breathe Dispelling Energy, Renounce Religion, Potion Petition, Call Merchant,
Bribe Branch


You were on level 13 of the Dungeon.
You worshipped Gozag.
Gozag was most pleased with you.
You visited 2 branches of the dungeon, and saw 14 of its levels.
You also visited: Sewer.

You collected 3002 gold pieces.
You paid 88 gold pieces to Gozag.

Inventory:

Hand Weapons
 e - a +1 vampiric whip
 B - the +6 spear "Mosaeca" {vorpal, *Drain rElec Str+6 Dex+2}
   (You found it on level 7 of the Dungeon)

   It inflicts extra damage upon your enemies.
   It affects your strength (+6).
   It affects your dexterity (+2).
   It insulates you from electricity.
   It causes draining when unequipped.
 H - a +0 quarterstaff
Missiles
 k - 27 poisoned darts (quivered)
 v - 2 throwing nets
 z - 4 silver boomerangs
 G - 2 boomerangs
Armour
 d - a +2 pair of boots (worn)
 y - the +4 tower shield of Cowardice {Will- Str+10 Int+5 Dex-2}
   (You found it on level 5 of the Dungeon)

   It affects your strength (+10).
   It affects your intelligence (+5).
   It affects your dexterity (-2).
   It affects your willpower, your defense against some magical effects.
Magical Staves
 c - an uncursed staff of conjuration (weapon)
 n - an uncursed staff of earth
Jewellery
 b - an uncursed ring of ice
 j - an amulet of magic regeneration (around neck)
 s - a ring of stealth (left hand)
 w - an uncursed ring of stealth
 K - a ring of resist corrosion (right hand)
Wands
 l - a wand of digging (8)
 o - a wand of paralysis (3)
 E - a wand of enslavement (13)
 J - a wand of flame (12)
Scrolls
 i - 4 scrolls of amnesia
 m - a scroll of magic mapping
 q - 5 scrolls of remove curse
 r - 3 scrolls of teleportation
 x - 3 scrolls of enchant armour
 D - 5 scrolls of identify
Potions
 f - 3 potions of might
 g - a potion of cancellation
 h - 6 potions of ambrosia
 p - 2 potions of haste
 t - 6 potions of flight
 u - 3 potions of curing
 C - 2 potions of brilliance
 I - 3 potions of magic
Books
 a - a manual of Throwing
Miscellaneous
 F - a lightning rod (4/4)


   Skills:
 + Level 2.2 Fighting
 + Level 9.0 Staves
 - Level 6.0 Throwing
 - Level 2.0 Dodging
 - Level 2.0 Stealth
 - Level 4.0 Shields
 + Level 16.1 Spellcasting
 - Level 8.4 Conjurations
 - Level 1.0 Hexes
 - Level 4.9 Translocations
 - Level 4.9 Fire Magic
 - Level 4.0 Evocations


You had 25 spell levels left.
You knew the following spells:

 Your Spells              Type           Power        Failure   Level
a - Magic Dart            Conj           100%         1%          1
b - Searing Ray           Conj           100%         1%          2
c - Iskenderun's Mystic   Conj/Tloc      65%          1%          4
d - Dazzling Flash        Conj/Hex       100%         1%          3
e - Conjure Flame         Conj/Fire      65%          1%          3
f - Fireball              Conj/Fire      32%          5%          5

Your spell library contained the following spells:

 Spells                   Type           Power        Failure   Level
 Foxfire                  Conj/Fire      100%         1%          1
 Gell's Gravitas          Tloc           20%          1%          3
 Sticky Flame             Conj/Fire      65%          1%          4
 Inner Flame              Hex/Fire       32%          2%          3
 Animate Skeleton         Necr           36%          3%          1
 Pain                     Necr           72%          3%          1
 Fulminant Prism          Conj/Hex       28%          4%          4
 Confusing Touch          Hex            23%          6%          3
 Vampiric Draining        Necr           9%           9%          3
 Animate Dead             Necr           9%           30%         4
 Petrify                  Tmut/Erth      18%          30%         4
 Metabolic Englaciation   Hex/Ice        10%          56%         5
 Yara's Violent Unravell  Hex/Tmut       10%          56%         5
 Agony                    Necr           18%          63%         5


Dungeon Overview and Level Annotations

Branches:
Dungeon (13/15)            Temple (1/1) D:6            Lair (0/6) D:10
    Orc (0/2) D:12          Sewer (visited)
 Vaults: D:13-14

Altars:
Ashenzari
Cheibriados
Dithmenos
Elyvilon
Fedhas
Gozag
Hepliaklqana
Kikubaaqudgha
Makhleb
Nemelex Xobeh
Okawaru
Qazlal
Ru
Sif Muna
Trog
Uskayaw
Wu Jian
Xom
Yredelemnul
Zin
The Shining One

Shops:
D:4 *

Annotations:
D:7 2 transporters, raceaflais's ghost, novice GnBe
D:10 2 transporters, teolandon225's ghost, journeyman SpEn
D:13 Josephine


Innate Abilities, Weirdness & Mutations

You can breathe bolts of dispelling energy.
Your rich purple scales are hard. (AC +8)
You cannot fit into any form of body armour.
You are cold-blooded and may be slowed by cold attacks.


Message History

The mystic blast hits the boulder beetle but does no damage.
The boulder beetle is heavily wounded.
The boulder beetle bites you!!
* * * LOW HITPOINT WARNING * * *
Casting: Iskenderun's Mystic Blast (dangerous; 1% risk of failure)
Confirm with . or Enter, or press ? or * to list all spells.
You feel a surge of power!
You erupt in a blast of force!
The mystic blast hits the boulder beetle.
The boulder beetle is heavily wounded.
The boulder beetle is knocked back by the mystic blast.
The boulder beetle curls into a ball and begins rolling!
Casting: Iskenderun's Mystic Blast (dangerous; 1% risk of failure)
Confirm with . or Enter, or press ? or * to list all spells.
You feel a surge of power!
You erupt in a blast of force!
The mystic blast hits the boulder beetle but does no damage.
The boulder beetle is heavily wounded.
The boulder beetle hits you!!!
Ouch! That really hurt!
You die...
Your body crumbles into a pile of gold.

#.....########
#.....##.....####
#......#..[.....#
#......#..).....#
#.....##^.(.)...#
#.....##......###
#.....##......#
#.............#
#....<@B°°....#
#.............+
#.....##......#
########......#
.........
...........
............
............


You could see a boulder beetle.

Vanquished Creatures
  2 entropy weavers (D:12)
  2 vault guards (D:13)
  3 two-headed ogres
  A centaur warrior (D:13)
  A queen ant (D:12)
  3 ugly things
  2 manticores
  An orc sorcerer (D:13)
  2 centaur zombies (D:13)
  2 guardian serpents (shapeshifter)
  A gargoyle (D:13)
  A kobold demonologist (D:12)
  An efreet (D:13)
  A queen bee (D:9)
  3 trolls
  5 slime creatures (D:13)
  A shadow (D:13)
  5 wraiths
  2 wyverns
  5 yaks (D:12)
  A human (D:13)
  Eustachio (D:6)
  A basilisk (D:12)
  4 vampire mosquitoes (D:12)
  A steam dragon (D:10)
  14 soldier ants (D:12)
  A water moccasin (D:13)
  5 orc warriors
  6 ice beasts
  5 sky beasts
  2 black bears
  4 eyes of draining
  A phantom (D:11)
  7 ogres
  2 necrophages
  8 centaurs
  3 big kobolds
  5 bullfrogs
  A wyvern skeleton (D:12)
  5 scorpions
  38 killer bees
  14 wights
  5 howler monkeys
  7 hounds
  3 centaur skeletons
  3 jellies
  A gnoll shaman (D:6)
  4 orc priests
  2 bullfrog skeletons
  An iron imp (D:8)
  Terence (D:2)
  An iguana (D:7)
  5 orc wizards
  29 worker ants
  A hound zombie (D:8)
  A worker ant zombie (D:11)
  14 adders
  7 gnolls
  A river rat (Sewer)
  2 shadow imps (D:8)
  2 white imps
  2 ufetubi
  2 oozes
  An adder skeleton (D:10)
  2 worms
  4 dart slugs
  4 leopard geckos
  37 orcs
  11 giant cockroaches
  9 goblins
  4 hobgoblins
  8 jackals
  2 quokkas
  2 ball pythons
  12 bats
  4 frilled lizards
  22 kobolds
  A quokka zombie (D:8)
  14 rats
404 creatures vanquished.

Vanquished Creatures (collateral kills)
  4 wights (D:13)
4 creatures vanquished.

Vanquished Creatures (others)
  7 plants (D:8)
7 creatures vanquished.

Grand Total: 415 creatures vanquished

Notes
Turn   | Place    | Note
-------+----------+-------------------------------------------
     0 | D:1      | hawla the Draconian Conjurer began the quest for the Orb.
     0 | D:1      | Reached XP level 1. HP: 14/14 MP: 3/3
   398 | D:1      | Reached XP level 2. HP: 16/20 MP: 0/5
   685 | D:1      | Learned a level 2 spell: Searing Ray
   906 | D:1      | Reached skill level 3 in Spellcasting
  1012 | D:1      | Reached XP level 3. HP: 26/26 MP: 4/7
  1635 | D:2      | Noticed Terence
  1642 | D:2      | Killed Terence
  1643 | D:2      | Reached XP level 4. HP: 33/33 MP: 0/9
  1648 | D:2      | Learned a level 4 spell: Iskenderun's Mystic Blast
  1938 | D:2      | Reached skill level 4 in Spellcasting
  2159 | D:2      | Found a burning altar of Makhleb.
  2724 | D:3      | Reached skill level 1 in Translocations
  2747 | D:3      | Found a stormy altar of Qazlal.
  2791 | D:3      | Found a faded altar of an unknown god.
  3117 | D:4      | Reached XP level 5. HP: 38/38 MP: 6/11
  3202 | D:4      | Found a broken altar of Ashenzari.
  3286 | D:4      | Noticed a centaur
  3287 | D:4      | Noticed a centaur
  3297 | D:4      | Killed a centaur
  3301 | D:4      | Killed a centaur
  3302 | D:4      | Reached skill level 5 in Conjurations
  3302 | D:4      | Reached XP level 6. HP: 42/45 MP: 3/13
  3560 | D:4      | Found Caobbix's General Store.
  3728 | D:5      | Entered Level 5 of the Dungeon
  3732 | D:5      | Found an iron altar of Okawaru.
  3742 | D:5      | Noticed a sky beast
  3759 | D:5      | Killed a sky beast
  3760 | D:5      | Reached skill level 1 in Throwing
  3773 | D:5      | Noticed an ice beast
  3781 | D:5      | Killed an ice beast
  3782 | D:5      | Reached skill level 5 in Spellcasting
  3782 | D:5      | Your scales start taking on a rich purple colour.
  3782 | D:5      | Reached skill level 6 in Spellcasting
  3782 | D:5      | Reached XP level 7. HP: 29/50 MP: 6/16
  3803 | D:5      | Found a glowing drain.
  3823 | Sewer    | Entered a sewer
  4072 | Sewer    | Found a white marble altar of Elyvilon.
  4574 | D:5      | Got a transparent tower shield
  4580 | D:5      | Identified the +4 tower shield of Cowardice {Will- Str+10
                  | Int+5 Dex-2} (You found it on level 5 of the Dungeon)
  4894 | D:6      | Found a staircase to the Ecumenical Temple.
  4902 | Temple   | Entered the Ecumenical Temple
  5040 | Temple   | Became a worshipper of Gozag Ym Sagoz the Greedy
  5068 | D:6      | Found a sacrificial altar of Ru.
  5149 | D:6      | Reached skill level 1 in Shields
  5149 | D:6      | Reached XP level 8. HP: 57/57 MP: 12/18
  5387 | D:6      | Noticed Eustachio
  5396 | D:6      | Reached skill level 7 in Spellcasting
  5443 | D:6      | Killed Eustachio
  5725 | D:6      | Reached skill level 5 in Throwing
  6145 | D:7      | Noticed raceaflais's ghost (novice GnBe)
  6146 | D:7      | Found a transporter.
  6154 | D:7      | Found a transporter.
  6421 | D:7      | Found a basalt altar of Yredelemnul.
  6576 | D:7      | Reached XP level 9. HP: 37/61 MP: 16/20
  6606 | D:7      | Reached skill level 8 in Spellcasting
  6908 | D:7      | Got a scorched spear
  6909 | D:7      | Identified the +6 spear "Mosaeca" {vorpal, *Drain rElec
                  | Str+6 Dex+2} (You found it on level 7 of the Dungeon)
  6914 | D:7      | Learned a level 3 spell: Dazzling Flash
  7144 | D:8      | Reached skill level 1 in Hexes
  7381 | D:8      | Reached skill level 9 in Spellcasting
  7457 | D:8      | Found a shadowy altar of Dithmenos.
  7458 | D:8      | Found a hazy altar of Hepliaklqana.
  7848 | D:8      | Found a snail-covered altar of Cheibriados.
  7986 | D:8      | Reached skill level 10 in Spellcasting
  8179 | D:8      | Reached skill level 11 in Spellcasting
  8691 | D:9      | Reached XP level 10. HP: 69/69 MP: 18/25
  8925 | D:9      | Reached skill level 12 in Spellcasting
  8929 | D:9      | Noticed a two-headed ogre
  8943 | D:9      | Killed a two-headed ogre
  9085 | D:9      | Reached skill level 13 in Spellcasting
  9436 | D:10     | Entered Level 10 of the Dungeon
  9520 | D:9      | Reached skill level 1 in Staves
 10196 | D:10     | Reached skill level 14 in Spellcasting
 10572 | D:10     | Reached XP level 11. HP: 32/74 MP: 18/29
 10780 | D:10     | Learned a level 3 spell: Conjure Flame
 10786 | D:10     | Learned a level 5 spell: Fireball
 10815 | D:10     | Found a transporter.
 10964 | D:10     | Found a staircase to the Lair.
 11080 | D:10     | Noticed teolandon225's ghost (journeyman SpEn)
 11094 | D:10     | Found a transporter.
 11131 | D:11     | Identified a scroll of acquirement
 11132 | D:11     | Acquired an uncursed staff of conjuration
 11183 | D:11     | Reached skill level 1 in Fire Magic
 11313 | D:11     | Noticed a purple ugly thing
 11325 | D:11     | Killed a purple ugly thing
 11474 | D:11     | Noticed a two-headed ogre
 11481 | D:11     | Killed a two-headed ogre
 11545 | D:11     | Noticed a two-headed ogre
 11557 | D:11     | Killed a two-headed ogre
 12602 | D:12     | Reached skill level 5 in Staves
 12637 | D:12     | Reached skill level 1 in Evocations
 12644 | D:12     | Noticed an entropy weaver
 12660 | D:12     | Noticed a white ugly thing
 12673 | D:12     | Killed a white ugly thing
 12745 | D:12     | Found a staircase to the Orcish Mines.
 13471 | D:12     | Killed an entropy weaver
 13472 | D:12     | Reached XP level 12. HP: 19/81 MP: 6/30
 13874 | D:12     | Noticed a queen ant
 14001 | D:12     | Noticed an entropy weaver
 14012 | D:12     | Killed an entropy weaver
 14128 | D:12     | Reached skill level 15 in Spellcasting
 14432 | D:12     | Killed a queen ant
 14716 | D:12     | Upgraded the game from 0.26-b1-52-g61e05abef2 to
                  | 0.26-b1-59-ge38874ec40
 15108 | D:13     | Noticed a vault guard
 15139 | D:13     | Noticed Josephine
 15139 | D:13     | Killed a vault guard
 15645 | D:13     | Reached skill level 16 in Spellcasting
 15773 | D:13     | Noticed a vault guard
 15779 | D:13     | Noticed a vault guard
 15825 | D:13     | Killed a vault guard
 15826 | D:13     | Reached skill level 1 in Fighting
 16122 | D:13     | Noticed a centaur warrior
 16134 | D:13     | Killed a centaur warrior
 16153 | D:13     | Noticed a boulder beetle
 16244 | D:13     | Annihilated by a boulder beetle

Illustrated notes

Levels and vault maps discovered:
D:1:      dpeg_arrival_rooms_c, layout_loops_ring
D:2:      layout_loops_cross, nicolae_overflow_hidden_temple, uniq_terence
D:3:      layout_rooms, nicolae_overflow_crystal_walls,
          chequers_ecumenical_altar_grove
D:4:      layout_cave_pools, ashenzari_altar_1, serial_shops,
          kennysheep_mini_moat, minmay_manual_mares
D:5:      layout_basic, okawaru_trees_2, cheibrodos_sewer_entry_drain
D:6:      layout_basic, nicolae_ru_great_annihilating_truth,
          minmay_temple_entry_drinking_statues, minmay_misc_feat_secret_circle,
          uniq_eustachio
D:7:      layout_loops_ring, lemuel_crystal_altar, gammafunk_ghost_arena
D:8:      layout_loops_cross, riverfiend_overflow_shadow_ancestor, slow_altar_1,
          st_stairs_7, chequers_serial_rivers_large_a, serial_bayou_crossing
D:9:      layout_roguey [special_room_bee]
D:10:     layout_cave_pools, lair_entry_dummy, gammafunk_ghost_hive
D:11:     layout_roguey
D:12:     layout_loops_ring, david_orc_2, minmay_another_anthill
D:13:     layout_gridville, grunt_vaults_entry_fortified, uniq_josephine
Temple:   hc_temple_tempest_star

Skill      XL: |  1  2  3  4  5  6  7  8  9 10 11 12 |
---------------+-------------------------------------+-----
Stealth        | 2 |  2.0
Dodging        | 2 |  2.0
Spellcasting   | 3 4 6 7 11 14 16 | 16.1
Translocations | 1 2 3 4 |  4.9
Conjurations   | 5 6 8 |  8.4
Throwing       | 2 3 6 |  6.0
Shields        | 1 3 4 |  4.0
Hexes          | 1 |  1.0
Staves         | 3 5 9 |  9.0
Fire Magic     | 4 |  4.9
Evocations     | 3 4 |  4.0
Fighting       | 2 |  2.2

Action                   |  1- 3 |  4- 6 |  7- 9 | 10-12 || total
-------------------------+-------+-------+-------+-------++-------
Melee: Unarmed           |    15 |       |       |       ||    15
       Tailslap          |     3 |     1 |    10 |     7 ||    21
       Whip              |     2 |    26 |    59 |       ||    87
       Spear             |       |       |    33 |    20 ||    53
       Staff             |       |       |       |    39 ||    39
Throw: Dart              |       |       |       |     2 ||     2
 Cast: Magic Dart        |    52 |    43 |    98 |   105 ||   298
       Searing Ray       |    13 |    25 |    81 |   177 ||   296
       Iskenderun's Myst |       |     1 |    13 |   103 ||   117
       Dazzling Flash    |       |       |     5 |    18 ||    23
       Fireball          |       |       |       |     8 ||     8
       Conjure Flame     |       |       |       |     3 ||     3
 Abil: Breathe Dispellin |       |       |     1 |       ||     1
Evoke: Wand              |       |       |       |     2 ||     2
  Use: Scroll            |       |     8 |    10 |    10 ||    28
       Potion            |       |     2 |     2 |     8 ||    12
 Stab: Sleeping          |       |       |     1 |     2 ||     3
       Distracted        |       |       |       |     2 ||     2
Armor: Skin              |     8 |    65 |   100 |    98 ||   271
Dodge: Dodged            |    19 |    34 |   148 |   150 ||   351
